 Dungeon Crawl Stone Soup version 0.24-a0-458-gfcb5e6da0e (webtiles) character file.

Game seed: 11063188570748647870

22 drasked the Ruffian (level 2, -2/27 HPs)
             Began as a Ghoul Monk on June 27, 2019.
             Slain by a phantom (9 damage)
             ... on level 2 of the Dungeon.
             The game lasted 00:03:13 (1228 turns).

drasked the Ruffian (Ghoul Monk)                    Turns: 1228, Time: 00:03:14

Health: -2/27      AC:  2    Str: 14    XL:     2   Next: 91%
Magic:  1/1        EV: 12    Int:  5    God:
Gold:   84         SH:  0    Dex: 11    Spells: 1/1 levels left

rFire    . . .     SeeInvis .     - Unarmed
rCold    + . .     Gourm    .   (no shield)
rNeg     + + +     Faith    .   a - +0 robe
rPois    ∞         Spirit   .   (no helmet)
rElec    .         Reflect  .   (no cloak)
rCorr    .         Harm     .   (no gloves)
MR       .....                  (no boots)
Stlth    ++........             (no amulet)
HPRegen  0.00/turn              (no ring)
MPRegen  0.07/turn              (no ring)

@: rotting
A: rotting body, claws 1, carnivore, cold resistance 1, negative energy
resistance 3, inhibited regeneration, torment resistance, unbreathing
a: no special abilities


You were on level 2 of the Dungeon.
You were not hungry.

You visited 1 branch of the dungeon, and saw 2 of its levels.

You collected 84 gold pieces.

Inventory:

Armour
 a - a +0 robe (worn)
Scrolls
 c - 2 scrolls of identify {unknown}
 d - a scroll of teleportation {unknown}
 g - a scroll of magic mapping {unknown}
 h - a scroll of fog {unknown}
Potions
 b - a potion of curing {unknown}
Comestibles
 e - 2 rations
 f - 2 chunks of flesh {@w0}


   Skills:
 + Level 3.7 Fighting
 - Level 2.6 Dodging
 - Level 2.1 Stealth
 * Level 4.1 Unarmed Combat


You had one spell level left.
You didn't know any spells.
Your spell library was empty.

Dungeon Overview and Level Annotations

Branches:
Dungeon (2/15)

Altars:
Wu Jian


Innate Abilities, Weirdness & Mutations

Your body is rotting away.
You thrive on raw meat.
You are immune to poison.
You have sharp fingernails.
You are carnivorous and can eat meat at any time.
Your flesh is cold resistant. (rC+)
You are immune to negative energy. (rN+++)
You do not regenerate when monsters are visible.
You are immune to unholy pain and torment.
You can survive without breathing.


Message History

A quokka comes into view.
The leopard gecko hisses angrily.
The leopard gecko bites you but does no damage.
The leopard gecko hisses menacingly.
You scratch the leopard gecko but do no damage.
The leopard gecko bites you.
* * * LOW HITPOINT WARNING * * *
You take 1 damage, and have 7/26 hp.
You scratch the leopard gecko.
The leopard gecko bites you but does no damage.
You scratch the leopard gecko.
You kill the leopard gecko!
You closely miss the quokka.
The quokka bites you but does no damage.
You claw the quokka!
You kill the quokka!
You see here a leopard gecko corpse.
You are too injured to fight recklessly!
Throwing (i - inventory)
Q - 12 stones (quivered)
Aim: a phantom (severely damaged)
You throw a stone.
The stone hits the phantom but does no damage.
The phantom blinks!
Throwing (i - inventory)
Q - 11 stones (quivered)
Aim: a phantom (severely damaged)
You throw a stone.
The stone hits the phantom but does no damage.
Throwing (i - inventory)
Q - 10 stones (quivered)
Aim: a phantom (severely damaged)
You throw a stone. The stone misses the phantom.
Throwing (i - inventory)
Q - 9 stones (quivered)
Aim: a phantom (severely damaged)
You throw a stone. The stone closely misses the phantom.
Throwing (i - inventory)
Q - 8 stones (quivered)
Aim: a phantom (severely damaged)
You throw a stone. The stone closely misses the phantom.
Throwing (i - inventory)
Q - 7 stones (quivered)
Aim: a phantom (severely damaged)
You throw a stone. The stone misses the phantom.
A jackal comes into view.
The jackal moves out of view.
You closely miss the phantom.
The phantom blinks!
Q - 8 stones (gained 2)
Q - 9 stones (gained 1)
You see here a stone.
You are too injured to fight recklessly!
Throwing (i - inventory)
Q - 9 stones (quivered)
Aim: a phantom (heavily damaged)
You throw a stone. The stone closely misses the phantom.
Throwing (i - inventory)
Q - 8 stones (quivered)
Aim: a phantom (heavily damaged)
You throw a stone.
The stone hits the phantom but does no damage.
You closely miss the phantom. The phantom barely misses you.
You closely miss the phantom. The phantom closely misses you.
You claw the phantom!
The phantom blinks!
The phantom blinks!
Q - 8 stones (gained 1)
You see here a stone.
You barely miss the phantom. The phantom hits you.
* * * LOW HITPOINT WARNING * * *
The phantom blinks!
You take 2 damage, and have 6/27 hp.
Q - 9 stones (gained 1) Throwing (i - inventory)
Q - 9 stones (quivered)
Aim: a phantom (severely damaged)
You throw a stone. The stone closely misses the phantom.
Throwing (i - inventory)
Q - 8 stones (quivered)
Aim: a phantom (severely damaged)
You throw a stone.
The stone hits the phantom but does no damage.
Throwing (i - inventory)
Q - 7 stones (quivered)
Aim: a phantom (severely damaged)
You throw a stone.
The stone hits the phantom but does no damage.
Throwing (i - inventory)
Q - 6 stones (quivered)
Aim: a phantom (severely damaged)
You throw a stone. The stone closely misses the phantom.
You scratch the phantom.
The phantom blinks!
Throwing (i - inventory)
Q - 5 stones (quivered)
Aim: a phantom (almost destroyed)
You throw a stone. The stone barely misses the phantom.
Throwing (i - inventory)
Q - 4 stones (quivered)
Aim: a phantom (almost destroyed)
You throw a stone.
The stone hits the phantom but does no damage.
The phantom blinks!
Throwing (i - inventory)
Q - 3 stones (quivered)
Aim: a phantom (almost destroyed)
You throw a stone. The stone barely misses the phantom.
Throwing (i - inventory)
Q - 2 stones (quivered)
Aim: a phantom (almost destroyed)
You throw a stone.
The stone hits the phantom but does no damage.
Throwing (i - inventory)
Q - a stone (quivered)
Aim: a phantom (almost destroyed)
You throw a stone. The stone barely misses the phantom.
You closely miss the phantom. The phantom closely misses you.
You scratch the phantom. The phantom hits you!
You die...

#....##########.#.#
##..(.## # #.#
##.>...######## #.#
#......W....((# ...
##.....######(# .#
#....## #(# .#
#.#.## #(# .# #.#.#
#W# .# .#.r #@# .#
. .#. #(# .# ..
#.##.####h.
#(†...W....
####.#####. .# .#
.. ##


You could see a phantom.

Levels and vault maps discovered:
D:1:      shiori_arrival_whats_in_store_for_you, layout_loops_corners
D:2:      layout_loops_ring, lemuel_crystal_altar

Notes
Turn   | Place    | Note
-------+----------+-------------------------------------------
     0 | D:1      | drasked the Ghoul Monk began the quest for the Orb.
     0 | D:1      | Reached XP level 1. HP: 19/19 MP: 0/0
     0 | D:1      | Noticed a shadow dragon
     2 | D:1      | Noticed an ice dragon
     2 | D:1      | Noticed a tentacled monstrosity
     5 | D:1      | Noticed a large abomination
     6 | D:1      | Noticed a large abomination
     7 | D:1      | Noticed a black draconian
    10 | D:1      | Noticed a golden dragon
    10 | D:1      | Noticed a large abomination
    12 | D:1      | Noticed a tentacled monstrosity
    14 | D:1      | Noticed an ice dragon
    14 | D:1      | Noticed a large abomination
    14 | D:1      | Noticed an ice dragon
    16 | D:1      | Noticed an ice dragon
    18 | D:1      | Noticed a tentacled monstrosity
    20 | D:1      | Noticed an iron dragon
   469 | D:1      | Identified a +0 whip
   696 | D:1      | Reached XP level 2. HP: 26/26 MP: 1/1
   898 | D:1      | Identified a +0 club
  1020 | D:2      | Found an ornate altar of the Wu Jian Council.
  1023 | D:2      | Identified a +0 club
  1039 | D:2      | Reached skill level 4 in Unarmed Combat
  1091 | D:2      | Noticed a phantom
  1115 | D:2      | HP: 6/26 [phantom (5)]
  1211 | D:2      | HP: 6/27 [phantom (2)]
  1228 | D:2      | Slain by a phantom

Table legend:
 A = Turns spent in this place as a percentage of turns spent in the entire game.
 B = Non-inter-level travel turns spent in this place as a percentage of non-inter-level travel turns spent in the entire game.
 C = Inter-level travel turns spent in this place as a percentage of turns spent in this place.
 D = Turns resting spent in this place as a percentage of non-inter-level travel turns spent in this place.
 E = Turns spent auto-exploring this place as a percentage of non-inter-level travel turns spent in this place.
 F = Non-inter-level travel turns spent in this place divided by the number of levels of this place that you've seen.
                   A       B       C       D       E      F
               +-------+-------+-------+-------+-------+----------------------
         Total | 100.0 | 100.0 |   0.7 |  14.9 |  64.6 | 609.5
       Dungeon | 100.0 | 100.0 |   0.7 |  14.9 |  64.6 | 609.5
               +-------+-------+-------+-------+-------+----------------------

Table legend:
 A = Kills in this place as a percentage of kills in entire the game.
 B = Kills by you in this place as a percentage of kills by you in the entire game.
 C = Kills by friends in this place as a percentage of kills by friends in the entire game.
 D = Other kills in this place as a percentage of other kills in the entire game.
 E = Experience gained in this place as a percentage of experience gained in the entire game.
 F = Experience gained in this place divided by the number of levels of this place that you have seen.
                   A       B       C       D       E      F
               +-------+-------+-------+-------+-------+----------------------
         Total | 100.0 | 100.0 |   N/A |   N/A | 100.0 |  16.0
       Dungeon | 100.0 | 100.0 |   N/A |   N/A | 100.0 |  16.0
               +-------+-------+-------+-------+-------+----------------------

Skill      XL: |  1  2 |
---------------+-------+-----
Unarmed Combat | 4 |  4.1
Fighting       | |  3.7
Dodging        | |  2.6
Stealth        | |  2.1

Action                   || total
-------------------------++-------
Melee: Unarmed           ||    64
Throw: Stone             ||    76
  Eat: Chunk             ||     1
Armor: Robe              ||     6
Dodge: Dodged            ||    25

Vanquished Creatures
  A dart slug (D:1)
  A leopard gecko (D:2)
  2 giant cockroaches (D:1)
  5 hobgoblins
  A quokka (D:2)
  4 bats
  A frilled lizard (D:2)
  A kobold (D:1)
  2 rats (D:1)
18 creatures vanquished.
